Map: Port Aleksander LE

Players

macromore - Winner!

  • Race: Terran Terran
  • League: Diamond
  • Spawn Location: 5:00

VOD

Have the link to the VOD?

Description

Time

  • Played on: Feb. 28, 2019, 10:58 p.m.
  • Length: 14:18
Show
View Real Time Build Order
Export as new Build Order

macromore Terran - Winner!

Build Orders:  

Get SALT Encoding   

  12  0:01  SCV  
  13  0:18  SCV  
  14  0:25  Supply Depot  
  14  0:35  SCV  
  15  0:55  SCV  
  15  0:58  Barracks  
  16  1:04  Refinery  
  16  1:12  SCV  
  17  1:29  SCV  
  18  1:46  SCV  
  19  2:04  Orbital Command  
  20  2:11  Reaper  
  20  2:26  Command Center  
  20  2:38  Refinery  
  20  2:41  SCV  
  21  2:52  Barracks Reactor  
  21  2:55  Supply Depot  
  21  2:58  SCV  
  22  3:19  Factory  
  22  3:24  SCV  
  23  3:41  SCV  
  23  3:45  Marine x2  
  26  3:58  SCV  
  27  4:08  Orbital Command  
  27  4:10  Marine x2  
  27  4:15  SCV  
  30  4:21  Factory Tech Lab, Starport  
  30  4:33  SCV  
  30  4:37  Marine  
  32  4:46  SCV  
  33  4:50  SCV  
  34  5:00  Marine  
  34  5:03  SCV  
  34  5:04  Marine  
  34  5:07  SCV  
  38  5:20  SCV  
  38  5:24  Barracks  
  38  5:27  Marine  
  38  5:28  SCV  
  38  5:29  Marine  
  42  5:30  Barracks  
  42  5:37  SCV  
  43  5:42  Supply Depot  
  43  5:45  SCV  
  43  5:47  Bunker  
  43  5:48  Raven  
  43  5:49  Factory Tech Lab  
  46  5:55  SCV  
  46  5:57  Marine x2  
  49  6:02  SCV  
  50  6:12  SCV  
  50  6:19  SCV  
  52  6:25  Marine x2  
  52  6:29  SCV  
  55  6:36  SCV  
  56  6:46  SCV  
  57  6:53  Stimpack, SCV  
  57  6:55  Marine x2  
  60  7:01  Unknown  
  60  7:02  Marauder  
  62  7:10  Factory Reactor  
  62  7:19  Marauder, SCV x2  
  66  7:23  Marine x2  
  66  7:24  Supply Depot x2  
  66  7:29  Engineering Bay  
  68  7:30  Refinery  
  68  7:36  Marauder  
  68  7:38  Starport Reactor  
  70  7:53  Widow Mine x2  
  70  7:54  Marauder, SCV x2  
  70  7:58  Supply Depot x2  
  74  8:00  Supply Depot  
  74  8:02  Marine x2  
  74  8:08  Terran Infantry Weapons Level 1  
  80  8:11  SCV x2  
  82  8:26  Marauder x2  
  82  8:28  SCV x2  
  88  8:31  Widow Mine x2  
  88  8:32  Supply Depot  
  88  8:36  Supply Depot  
  88  8:40  Medivac x2  
  88  8:44  Marine  
  88  8:45  Marine, SCV x2  
  100  8:58  Supply Depot  
  100  9:02  SCV  
  100  9:03  Supply Depot, SCV  
  100  9:05  Marauder, Widow Mine  
  100  9:06  Widow Mine  
  104  9:10  Marauder  
  104  9:13  Marine x2  
  104  9:19  SCV  
  113  9:20  SCV  
  113  9:23  Refinery  
  113  9:27  Supply Depot  
  114  9:40  Command Center  
  113  9:56  Medivac x2  
  113  9:57  Marauder x2  
  113  9:58  Marine x2  
  123  10:06  Widow Mine  
  123  10:07  Widow Mine  
  113  10:31  Marine x2, Marauder x2  
  113  10:38  Medivac  
  116  10:43  Medivac  
  116  10:44  SCV x2  
  120  10:56  Barracks  
  120  10:57  Barracks  
  119  11:01  Marauder, SCV  
  119  11:03  Widow Mine x2  
  121  11:12  Marauder, Marine x2  
  129  11:23  Supply Depot, SCV  
  129  11:24  SCV  
  129  11:27  Orbital Command  
  131  11:31  Marauder  
  131  11:39  Starport  
  133  11:40  SCV x2  
  133  11:49  Widow Mine  
  134  11:50  Ghost Academy  
  134  11:51  Widow Mine  
  134  11:53  Refinery  
  134  11:57  Marine x2  
  134  11:58  Refinery  
  136  12:03  Barracks Tech Lab  
  136  12:05  Barracks Reactor  
  136  12:08  Marauder  
  140  12:18  Marine  
  141  12:20  Medivac  
  141  12:22  Marine  
  142  12:31  Engineering Bay  
  142  12:32  Armory  
  142  12:36  SCV  
  142  12:37  SCV x2  
  144  12:53  SCV  
  144  12:54  SCV x2  
  144  12:57  Marine x4, Widow Mine x2  
  144  12:58  Marine x2, Marauder  
  155  13:08  Medivac x2  
  163  13:10  Command Center  
  163  13:22  Marine  
  163  13:23  Marauder x2  
  163  13:28  Marauder  
  170  13:33  Starport Tech Lab  
  170  13:43  Marine x3  
  178  14:03  Supply Depot  
  178  14:04  Supply Depot  
  178  14:08  Supply Depot  
  178  14:11  Supply Depot  
Tags
 
Add a new tag
Caveats
  • Supply blocks, unpowered buildings, or Contaminate may cause inaccurate times.
  • Supply counts are checked every 10 seconds.